 Dungeon Crawl Stone Soup version 0.30-a0-782-ge64f9170bb (webtiles) character file.

Game seed: 6361097462379612772

11 theswoord the Chiller (level 2, -2/22 HPs)
             Began as a Naga Ice Elementalist on Mar 17, 2023.
             Killed from afar by a dart slug (6 damage)
             ... with a slug dart
             ... on level 1 of the Dungeon.
             The game lasted 00:00:43 (308 turns).

theswoord the Chiller (Naga Ice Elementalist)        Turns: 308, Time: 00:00:44

Health: -2/22      AC:  1    Str: 10    XL:     2   Next: 25%
Magic:  1/5        EV:  9    Int: 15    God:
Gold:   52         SH:  0    Dex: 11    Spells: 4/5 levels left

rFire   . . .      SeeInvis +    d - +0 whip
rCold   . . .      Faith    .    (no shield)
rNeg    . . .      Spirit   .    a - +0 robe
rPois   +          Reflect  .    (no helmet)
rElec   .          Harm     .    (no cloak)
rCorr   .          Rampage  .    (no gloves)
Will    .....                    (no barding)
Stlth   ++                       (no amulet)
HPRegen 0.23/turn                (no ring)
MPRegen 0.09/turn                (no ring)

@: very slow
A: AC +0, large, see invisible, deformed body, poison resistance, slowness 2,
spit poison 1, naga tail 1
a: Spit Poison


You were on level 1 of the Dungeon.
You visited 1 branch of the dungeon, and saw 1 of its levels.

You collected 52 gold pieces.

Inventory:

Hand Weapons
 d - a +0 whip (weapon)
Armour
 a - a +0 robe (worn)
Potions
 b - a potion of magic
 c - 2 potions of heal wounds {unknown}


   Skills:
 - Level 1.5 Dodging
 - Level 3.0 Stealth
 + Level 2.3 Spellcasting
 + Level 4.2 Ice Magic


You had 4 spell levels left.
You knew the following spells:

 Your Spells              Type           Power      Damage    Failure   Level
a - Freeze                Ice            56%        1d7       3%          1

Your spell library contained the following spells:

 Spells                   Type           Power      Damage    Failure   Level
 Frozen Ramparts          Ice            28%        1d5       11%         3
 Ozocubu's Armour         Ice            14%        N/A       11%         3
 Summon Ice Beast         Ice/Summ       8%         N/A       65%         4


Dungeon Overview and Level Annotations

Branches:
Dungeon (1/15)

Altars:


Innate Abilities, Weirdness & Mutations

Your serpentine skin is tough. (AC +0)
You have supernaturally acute eyesight. (SInv)
Armour fits poorly on your strangely shaped body.
Your system is resistant to poisons. (rPois)
You cover ground very slowly.
You can spit poison.
You have a snake-like lower body.


Message History

* * * LOW HITPOINT WARNING * * *
You hit the dart slug but do no damage.
The rat twitches its whiskers.
The rat bites you.
* * * LOW HITPOINT WARNING * * *
The rat bites you.
* * * LOW HITPOINT WARNING * * *
Aim: a rat You freeze the rat.
The dart slug launches a dart at you. The slug dart misses you.
The rat completely misses you.
Aim: a rat (heavily wounded)
You freeze the rat.
You kill the rat!
The dart slug bites you but does no damage.
Aim: a dart slug (moderately wounded)
You freeze the dart slug. The dart slug bites you.
* * * LOW HITPOINT WARNING * * *
Aim: a dart slug (heavily wounded)
You freeze the dart slug. The rat barely misses you.
Aim: a dart slug (almost dead)
You freeze the dart slug. The dart slug barely misses you. The rat bites you.
* * * LOW HITPOINT WARNING * * *
You don't have enough magic to cast this spell.
You don't have enough magic to cast this spell.
You don't have enough magic to cast this spell.
The rat attacks as you move away! The rat bites you.
* * * LOW HITPOINT WARNING * * *
The rat attacks as you move away! The rat bites you.
* * * LOW HITPOINT WARNING * * *
The rat attacks as you move away! The rat closely misses you. x2
The rat attacks as you move away! The rat bites you but does no damage.
The rat barely misses you.
You barely miss the rat. The rat bites you.
* * * LOW HITPOINT WARNING * * *
You hit the rat.
You kill the rat!
The dart slug launches a dart at you. The slug dart hits you.
You die...

# #..## .#.[. .
.....### ##..
####### ......
..... .......
...###....
####### #..#..#
#...$# #
######...##
######
#.@†w..#...#
.....#
#####.######.#.#
#.##.# #.:...#
.#...
).)#.######.#####
.# #...
#.##.##.....# ..
##. ...#....#####
## ####.#### .
...# .....#


You could see a dart slug.

Vanquished Creatures
  2 endoplasms (D:1)
  A giant cockroach (D:1)
  A hobgoblin (D:1)
  3 kobolds (D:1)
  A bat (D:1)
  2 rats (D:1)
10 creatures vanquished.

Notes
Turn   | Place    | Note
-------+----------+-------------------------------------------
     0 | D:1      | theswoord the Naga Ice Elementalist began the quest for the
                  | Orb.
     0 | D:1      | Reached XP level 1. HP: 15/15 MP: 3/3
   163 | D:1      | Reached XP level 2. HP: 15/22 MP: 3/5
   308 | D:1      | Killed from afar by a dart slug

Action                     || total
---------------------------++-------
  Melee: Unarmed           ||     3
         Whip              ||    17
   Cast: Freeze            ||    14
   Stab: Sleeping          ||     2
 Armour: Robe              ||     7
  Dodge: Dodged            ||    20

Levels and vault maps discovered:
D:1:      minmay_arrival_checkered_box, layout_rooms, minmay_split_cup_small
